 Dungeon Crawl Stone Soup version 0.25.0-9-g26727b657a (webtiles) character file.

Game seed: 3952524209795572941

196 HungrySpirit the Sneak (level 5, 4/43 HPs)
             Began as a Gnoll Assassin on June 16, 2020.
             Quit the game on level 3 of the Dungeon.
             The game lasted 00:02:55 (2033 turns).

HungrySpirit the Sneak (Gnoll Assassin)             Turns: 2033, Time: 00:02:55

Health: 4/43       AC:  7    Str: 13    XL:     5   Next: 75%
Magic:  7/7        EV: 12    Int: 15    God:
Gold:   27         SH:  0    Dex: 16    Spells: 7/7 levels left

rFire    . . .     SeeInvis .   a - +2 dagger
rCold    . . .     Gourm    .   (no shield)
rNeg     . . .     Faith    .   g - +0 ring mail
rPois    .         Spirit   .   b - +0 helmet
rElec    .         Reflect  .   c - +0 cloak
rCorr    .         Harm     .   (no gloves)
MR       .....                  (no boots)
Stlth    +++.......             (no amulet)
HPRegen  0.14/turn              (no ring)
MPRegen  0.10/turn              (no ring)

@: lethally poisoned (4 -> -4), flying
A: distributed training, fangs 1, strong nose
a: no special abilities


You were on level 3 of the Dungeon.
You were hungry.

You visited 1 branch of the dungeon, and saw 3 of its levels.

You collected 27 gold pieces.

Inventory:

Hand Weapons
 a - a +2 dagger (weapon)
Missiles
 e - 2 curare-tipped darts (quivered)
Armour
 b - a +0 helmet (worn)
 c - a +0 cloak (worn)
 g - a +0 ring mail (worn)
Jewellery
 p - an uncursed ring of magical power {unknown}
Scrolls
 i - 2 scrolls of identify {unknown}
 j - a scroll of magic mapping {unknown}
 k - a scroll of remove curse {unknown}
 l - a scroll of amnesia {unknown}
 m - a scroll of immolation {unknown}
 n - a scroll of fear {unknown}
Comestibles
 f - 7 rations


   Skills:
 + Level 4.8 Fighting
 + Level 4.8 Short Blades
 + Level 1.6 Long Blades
 + Level 1.6 Axes
 + Level 1.6 Maces & Flails
 + Level 1.6 Polearms
 + Level 1.6 Staves
 + Level 1.6 Slings
 + Level 1.6 Bows
 + Level 1.6 Crossbows
 + Level 4.8 Throwing
 + Level 1.6 Armour
 + Level 3.0 Dodging
 + Level 7.9 Stealth
 + Level 1.6 Shields
 + Level 1.6 Unarmed Combat
 + Level 1.6 Spellcasting
 + Level 1.2 Conjurations
 + Level 1.2 Hexes
 + Level 1.2 Charms
 + Level 1.2 Summonings
 + Level 1.2 Necromancy
 + Level 1.2 Translocations
 + Level 1.2 Transmutations
 + Level 1.2 Fire Magic
 + Level 1.2 Ice Magic
 + Level 1.2 Air Magic
 + Level 1.2 Earth Magic
 + Level 1.2 Poison Magic
 + Level 1.8 Invocations
 + Level 1.6 Evocations


You had 7 spell levels left.
You didn't know any spells.
Your spell library was empty.

Dungeon Overview and Level Annotations

Branches:
Dungeon (3/15)

Altars:
Qazlal
Trog


Innate Abilities, Weirdness & Mutations

Your experience applies equally to all skills.
You have very sharp teeth.
Your uncanny sense of smell can sniff out nearby items.


Message History

The poisoned dart closely misses the orc.
* * * LOW HITPOINT WARNING * * *
You feel sick.
You feel a bit more experienced. The orc misses you.
You closely miss the orc.
The orc is severely wounded.
You hit the orc.
You kill the orc!
* * * LOW HITPOINT WARNING * * *
You feel sick.
* * * LOW HITPOINT WARNING * * *
You feel sick.
There is an open door, spattered with blood here.
Items here: ( )))) [[[[ ††††
Okay, then.
* * * LOW HITPOINT WARNING * * *
You feel sick.
You see here 2 poisoned darts.
There is a lethal amount of poison in your body!
There is a lethal amount of poison in your body!
Are you sure you want to abandon this character and quit the game? (Confirm with "yes".)

#.##..........#
#.##..........#
#.##...<......#
#.#####+#######
#.# #.# #.# #.#
#.# ###.#########
#.# #...(........
#.###@...........
#...).....(.$....
#####............
#†...........
#...........#
#...........#
#...........#
#...........#
#...........#


There were no monsters in sight!

Vanquished Creatures
  2 orc wizards (D:3)
  A worker ant (D:3)
  4 adders (D:3)
  A worm (D:3)
  A dart slug (D:2)
  2 leopard geckos
  4 orcs (D:3)
  A ball python (D:3)
  4 giant cockroaches
  8 goblins
  3 hobgoblins
  2 jackals (D:3)
  8 kobolds
  5 quokkas
  18 bats
  3 frilled lizards
  9 rats
76 creatures vanquished.

Notes
Turn   | Place    | Note
-------+----------+-------------------------------------------
     0 | D:1      | HungrySpirit the Gnoll Assassin began the quest for the
                  | Orb.
     0 | D:1      | Reached XP level 1. HP: 20/20 MP: 1/1
    87 | D:1      | Reached XP level 2. HP: 26/26 MP: 2/2
   508 | D:1      | Reached XP level 3. HP: 31/31 MP: 3/3
   846 | D:2      | Found a stormy altar of Qazlal.
  1038 | D:2      | Reached skill level 1 in Invocations
  1314 | D:3      | Found a bloodstained altar of Trog.
  1453 | D:3      | Reached skill level 1 in Long Blades
  1453 | D:3      | Reached skill level 1 in Axes
  1453 | D:3      | Reached skill level 1 in Maces & Flails
  1453 | D:3      | Reached skill level 1 in Polearms
  1453 | D:3      | Reached skill level 1 in Staves
  1453 | D:3      | Reached skill level 1 in Slings
  1453 | D:3      | Reached skill level 1 in Bows
  1453 | D:3      | Reached skill level 1 in Crossbows
  1453 | D:3      | Reached skill level 1 in Armour
  1453 | D:3      | Reached skill level 1 in Shields
  1453 | D:3      | Reached skill level 1 in Unarmed Combat
  1453 | D:3      | Reached skill level 1 in Spellcasting
  1453 | D:3      | Reached skill level 1 in Evocations
  1453 | D:3      | Reached XP level 4. HP: 38/38 MP: 5/5
  1607 | D:3      | Reached skill level 1 in Conjurations
  1607 | D:3      | Reached skill level 1 in Hexes
  1607 | D:3      | Reached skill level 1 in Charms
  1607 | D:3      | Reached skill level 1 in Summonings
  1607 | D:3      | Reached skill level 1 in Necromancy
  1607 | D:3      | Reached skill level 1 in Translocations
  1607 | D:3      | Reached skill level 1 in Transmutations
  1607 | D:3      | Reached skill level 1 in Fire Magic
  1607 | D:3      | Reached skill level 1 in Ice Magic
  1607 | D:3      | Reached skill level 1 in Air Magic
  1607 | D:3      | Reached skill level 1 in Earth Magic
  1607 | D:3      | Reached skill level 1 in Poison Magic
  1733 | D:3      | Found a bloodstained altar of Trog.
  1745 | D:3      | Reached XP level 5. HP: 42/43 MP: 6/6
  2033 | D:3      | Quit the game

Illustrated notes

Levels and vault maps discovered:
D:1:      lightli_arrival_statuegarden, layout_basic, minmay_tromino_v4_c
D:2:      layout_loops_ring, nicolae_qazlal_general_emergency,
          corexii_corridor_pit, minmay_misc_feat_rows
D:3:      layout_basic, bloody_trog, hangedman_feature_mirror,
          small_statue_alley_b, trog_butcher_becter

Skill      XL: |  1  2  3  4  5 |
---------------+----------------+-----
Invocations    | 1 |  1.8
Long Blades    | 1 |  1.6
Axes           | 1 |  1.6
Maces & Flails | 1 |  1.6
Polearms       | 1 |  1.6
Staves         | 1 |  1.6
Slings         | 1 |  1.6
Bows           | 1 |  1.6
Crossbows      | 1 |  1.6
Armour         | 1 |  1.6
Shields        | 1 |  1.6
Unarmed Combat | 1 |  1.6
Spellcasting   | 1 |  1.6
Evocations     | 1 |  1.6
Conjurations   | 1 |  1.2
Hexes          | 1 |  1.2
Charms         | 1 |  1.2
Summonings     | 1 |  1.2
Necromancy     | 1 |  1.2
Translocations | 1 |  1.2
Transmutations | 1 |  1.2
Fire Magic     | 1 |  1.2
Ice Magic      | 1 |  1.2
Air Magic      | 1 |  1.2
Earth Magic    | 1 |  1.2
Poison Magic   | 1 |  1.2
Dodging        | 3 |  3.0
Fighting       | |  4.8
Short Blades   | |  4.8
Throwing       | |  4.8
Stealth        | |  7.9

Action                   |  1- 3 |  4- 6 || total
-------------------------+-------+-------++-------
Melee: Dagger            |   111 |   108 ||   219
       Bite              |    10 |    11 ||    21
Throw: Dart              |       |     8 ||     8
  Use: Potion            |       |     3 ||     3
 Stab: Sleeping          |    17 |     7 ||    24
  Eat: Chunk             |     2 |     1 ||     3
Armor: Ring mail         |    43 |    43 ||    86
Dodge: Dodged            |    81 |    42 ||   123
